 Dungeon Crawl Stone Soup version 0.22-a0-772-gac08f70 (webtiles) character file.

140 Mamutox the Cudgeler (level 5, -3/45 (47) HPs)
             Began as a Minotaur Monk on July 17, 2018.
             Slain by a gnoll
             ... wielding a +0 whip
              (9 damage)
             ... on level 1 of the Dungeon.
             The game lasted 00:01:56 (1108 turns).

Mamutox the Cudgeler (Minotaur Monk)                Turns: 1108, Time: 00:01:56

HP:   -3/45 (47)    AC:  3    Str: 16    XL:     5   Next: 2%
MP:   4/4           EV: 13    Int:  7    God:
Gold: 30            SH:  0    Dex: 13    Spells: 4/4 levels left

rFire    . . .     SeeInvis +   a - +0 mace
rCold    . . .     Gourm    .   (no shield)
rNeg     . . .     Faith    .   b - +0 robe
rPois    .         Spirit   .   (helmet restricted)
rElec    .         Reflect  .   (no cloak)
rCorr    .         Harm     .   (no gloves)
MR       .....                  g - +0 pair of boots
Stlth    ++........             (no amulet)
HPRegen  0.15/turn              h - ring of see invisible
MPRegen  0.09/turn              (no ring)

@: no status effects
A: retaliatory headbutt, horns 2
a: no special abilities


You were on level 1 of the Dungeon.
You were hungry.

You visited 1 branch of the dungeon, and saw 2 of its levels.

You collected 30 gold pieces.

Inventory:

Hand Weapons
 a - a +0 mace (weapon)
Missiles
 e - 14 poisoned needles
Armour
 b - a +0 robe (worn)
 g - a +0 pair of boots (worn)
Jewellery
 h - a ring of see invisible (left hand)
Scrolls
 d - 2 scrolls of blinking {unknown}
 i - 3 scrolls of fog {unknown}
 j - a scroll of amnesia {unknown}
 l - a scroll of teleportation {unknown}
 m - a scroll of magic mapping {unknown}
Potions
 f - a potion of degeneration {unknown}
Comestibles
 c - 3 rations


   Skills:
 + Level 4.9 Fighting
 + Level 5.8 Maces & Flails
 - Level 3.6 Dodging
 - Level 1.5 Stealth


You had 4 spell levels left.
You didn't know any spells.
Your spell library was empty.

Dungeon Overview and Level Annotations

Branches:
Dungeon (2/15)

Altars:
Gozag


Innate Abilities, Weirdness & Mutations

You reflexively headbutt those who attack you in melee.
You have a pair of horns on your head.


Message History

The gnoll hits you from afar with a spear.
The gnoll hits you but does no damage. The gnoll misses you.
You furiously retaliate!
You headbutt the gnoll. The gnoll barely misses you.
You barely miss the gnoll. Your headbutt misses the gnoll.
The gnoll is heavily wounded.
The gnoll misses you. You furiously retaliate!
You headbutt the gnoll. The gnoll hits you with a whip.
* * * LOW HITPOINT WARNING * * *
The gnoll hits you from afar with a spear.
* * * LOW HITPOINT WARNING * * *
The gnoll misses you. You furiously retaliate!
You headbutt the gnoll!
You kill the gnoll!
You have reached level 5!
The gnoll hits you but does no damage. The gnoll barely misses you.
You climb upwards.
There is a stone staircase leading down here.
You hit the gnoll.
The gnoll is severely wounded.
The gnoll hits you with a whip!
You die...

...####........####### ###.#[##
.........(...........## #...#.#
......................## #.....#
..........≈≈...........###.#####
.(........§(.....(.....##..#
........................>..#
....≈§§....##..............###
.÷.§.≈....###..........#.....####
.......#..###..g@........###.....
###..#.........).).......###.####
##...######..............#+#
#.............(.....#####.####
####.##.###............##..#.#..#
............#...)......#.#.#.#.#.
.##...#...#.##.........#..#...#..
#...#####....##..(....####.....##
..### ###.....###...'.....<....


You could see a gnoll.

Vanquished Creatures
  A necrophage (D:1)
  A gnoll (D:2)
  An adder (D:2)
  2 dart slugs (D:1)
  2 leopard geckos (D:1)
  A giant cockroach (D:1)
  6 goblins
  4 hobgoblins (D:1)
  5 kobolds
  4 bats (D:1)
  3 frilled lizards (D:1)
  3 rats (D:1)
33 creatures vanquished.

Notes
Turn   | Place    | Note
-------+----------+-------------------------------------------
     0 | D:1      | Mamutox the Minotaur Monk began the quest for the Orb.
     0 | D:1      | Reached XP level 1. HP: 19/19 MP: 0/0
   544 | D:1      | Reached XP level 2. HP: 17/27 MP: 1/1
   716 | D:1      | Reached skill level 4 in Maces & Flails
   802 | D:1      | Reached XP level 3. HP: 29/33 MP: 2/2
  1009 | D:2      | Found an opulent altar of Gozag.
  1009 | D:2      | Noticed a necrophage
  1024 | D:1      | Killed a necrophage
  1024 | D:1      | Reached skill level 5 in Maces & Flails
  1024 | D:1      | Reached XP level 4. HP: 29/39 MP: 3/3
  1106 | D:2      | Reached XP level 5. HP: 5/45 MP: 4/4
  1108 | D:1      | Slain by a gnoll

Vault maps used:
D:1:      nzn_arrival_crosshair, minmay_tree_intersection,
          kennysheep_decorative_pillar
D:2:      vehumet_crystals, nicolae_gozag_seed_capital

Skill      XL: |  1  2  3 |
---------------+----------+-----
Fighting       | 4 |  4.9
Maces & Flails | 4 5 |  5.8
Dodging        | |  3.6
Stealth        | |  1.5

Action                   |  1- 3 |  4- 6 || total
-------------------------+-------+-------++-------
Melee: Mace              |    63 |     5 ||    68
       Headbutt          |     7 |       ||     7
 Stab: Sleeping          |     3 |       ||     3
Armor: Robe              |    14 |     1 ||    15
Dodge: Dodged            |    62 |     7 ||    69

Table legend:
 A = Spawn XP
 B = Non-spawn XP
 C = Spawn XP percentage of total XP
 D = Spawn monster count
 E = Non-spawn monster count
 F = Spawn count percentage of total count
 G = Total turns spent on level
                    A         B        C        D         E        F      G
               +---------+---------+-------+---------+---------+-------+---------
         Total |       0 |     200 |   0.0 |       0 |      33 |   0.0 |  1108
               +---------+---------+-------+---------+---------+-------+---------
           D:1 |       0 |     170 |   0.0 |       0 |      29 |   0.0 |  1044
           D:2 |       0 |      30 |   0.0 |       0 |       4 |   0.0 |    64
               +---------+---------+-------+---------+---------+-------+---------
